 Dungeon Sprint DCSS version 0.27-a0-819-g058290f16d (webtiles) character file.

Game seed: 909780335060166606

1047 rocky1 the Carver (level 8, -7/100 HPs)
             Began as a Djinni Fighter on Mar 30, 2021.
             Was a High Priest of Makhleb.
             Mangled by a freezing wraith (13 damage)
             ... in the Dungeon (Sprint VII: "The Pits").
             The game lasted 00:04:23 (1373 turns).

rocky1 the Carver (Djinni Fighter)                  Turns: 1373, Time: 00:04:24

Health: -7/100     AC:  6    Str: 15    XL:     8   Next: 25%
Gold:   0          EV:  8    Int: 12    God:    Makhleb [*****.] SH: 11 Dex: 13

rFire    + + .     SeeInvis .   m - +2 long sword (flame)
rCold    x . .     Faith    .   c - +0 kite shield
rNeg     . . .     Spirit   .   b - +0 scale mail
rPois    ∞         Reflect  .   (no helmet)
rElec    .         Harm     .   (no cloak)
rCorr    .         Rampage  .   (no gloves)
Will     .....     NoTele   +   (boots unavailable)
Stlth    ..........             (no amulet)
HPRegen  0.26/turn              (no ring)
MPRegen  0.00/turn              (no ring)

@: berserking, flying, slowed
A: fire resistance 2, cold vulnerability 1, float, innate caster, hp casting,
extra vitality 1
a: Renounce Religion, Minor Destruction, Lesser Servant of Makhleb, Major
Destruction, Greater Servant of Makhleb


You were in the Dungeon.
You worshipped Makhleb.
Makhleb was extremely pleased with you.
You visited 1 branch

Inventory:

Hand Weapons
 m - a +2 long sword of flaming (weapon)
Armour
 b - a +0 scale mail (worn)
 c - a +0 kite shield (worn)
Scrolls
 i - a scroll of blinking
 k - a scroll of summoning
Potions
 d - a potion of might
 e - 6 potions of curing
 f - 6 potions of heal wounds
 g - a potion of haste
 j - 2 potions of invisibility


   Skills:
 + Level 9.0 Fighting
 * Level 10.9 Long Blades
 - Level 3.2 Armour
 - Level 1.1 Dodging
 + Level 9.0 Shields
 + Level 2.9 Spellcasting
 + Level 3.3 Invocations


You had 6 spell levels left.
You knew the following spells:

 Your Spells              Type           Power      Damage    Failure   Level
a - Animate Skeleton      Necr           16%        N/A       52%         1
b - Call Imp              Summ           8%         N/A       65%         2
c - Summon Guardian Gole  Hex/Summ       8%         N/A       87%         3
Your spell library was empty.

Dungeon Overview and Level Annotations

Branches:
Dungeon (1/1)

Altars:
Ashenzari
Cheibriados
Dithmenos
Elyvilon
Fedhas
Gozag
Hepliaklqana
Kikubaaqudgha
Makhleb
Nemelex Xobeh
Okawaru
Qazlal
Ru
Sif Muna
Trog
Uskayaw
Vehumet
Wu Jian
Xom
Yredelemnul
Zin
The Shining One
Beogh
Jiyva
Lugonu


Innate Abilities, Weirdness & Mutations

You are immune to poison.
Your flesh is very heat resistant. (rF++)
You are vulnerable to cold. (rC-)
You float through the air rather than walking.
You learn spells naturally, not from books.
Your magical power is your life essence.
You have superior vitality. (+4 HP)


Message History

You feel better.
Your Fighting skill increases to level 9!
You barely miss the crimson imp.
The crimson imp blinks!
You hit the freezing wraith but do no damage.
The freezing wraith hits you. The freezing wraith freezes you!!
You feel a terrible chill! The freezing wraith hits you!
Unknown command.
A red film seems to cover your vision as you go berserk!
You feel yourself moving faster!
You feel mighty! The freezing wraith hits you.
The freezing wraith freezes you!!
You feel a terrible chill!
* * * LOW HITPOINT WARNING * * *
The freezing wraith hits you but does no damage.
Your shield prevents you from hitting the freezing wraith.
The freezing wraith hits you but does no damage.
You block the freezing wraith's attack.
You slash the freezing wraith! You burn the freezing wraith!
The freezing wraith is heavily damaged.
You hit the freezing wraith. You burn the freezing wraith.
The freezing wraith is heavily damaged.
The freezing wraith barely misses you. The freezing wraith hits you.
* * * LOW HITPOINT WARNING * * *
The freezing wraith drains your vigour!
You feel yourself slow down.
You barely miss the freezing wraith.
The freezing wraith is heavily damaged.
You block the freezing wraith's attack. The freezing wraith barely misses you.
Your shield prevents you from hitting the freezing wraith.
The freezing wraith is heavily damaged.
You block the freezing wraith's attack. The freezing wraith hits you.
* * * LOW HITPOINT WARNING * * *
The freezing wraith drains your vigour!
You feel as though you will be slow longer.
You completely miss the freezing wraith.
The freezing wraith is heavily damaged.
You block the freezing wraith's attack. x2
You slash the freezing wraith! You burn the freezing wraith!
The freezing wraith is almost destroyed.
The freezing wraith hits you!
* * * LOW HITPOINT WARNING * * *
The freezing wraith freezes you!
You feel a terrible chill!
You die...

#.#))#.....##.......#
#)#..###'####.......#
#.##'#.....##...<...#
#.#........##.......#
#.#........##.......#
#'###########.......#
#.......#..##########
#...#...#.# ###
#...#...#@# 5..#
#.##.##.#W#....#
#...#...#yy....+
#...#...#'#....#
#.......).#....#
########### ####


You could see a freezing wraith and 2 killer bees.

Vanquished Creatures
  A rime drake (D)
  A flying skull (D)
  2 water moccasins (D)
  An orc warrior (D)
  An ogre (D)
  3 killer bees (D)
  A scorpion (D)
  A crimson imp (D)
  A gnoll (D)
  A river rat (D)
  An adder zombie (D)
  An orc (D)
  3 ball pythons (D)
  A goblin (D)
  3 jackals (D)
  A quokka (D)
  A jackal zombie (D)
  A kobold (D)
  A rat (D)
26 creatures vanquished.

Notes
Turn   | Place    | Note
-------+----------+-------------------------------------------
     0 | D        | rocky1 the Djinni Fighter began the quest for the Orb.
     0 | D        | Reached XP level 1. HP: 20/20 MP: 0/0
    19 | D        | Reached skill level 2 in Long Blades
    19 | D        | Reached skill level 1 in Dodging
   133 | D        | Found a bloodstained altar of Trog.
   133 | D        | Found a viscous altar of Jiyva.
   133 | D        | Found a hazy altar of Hepliaklqana.
   133 | D        | Found an opulent altar of Gozag.
   134 | D        | Found a glowing golden altar of the Shining One.
   134 | D        | Found a glowing silver altar of Zin.
   134 | D        | Found a basalt altar of Yredelemnul.
   134 | D        | Found a shimmering altar of Xom.
   134 | D        | Found an ornate altar of the Wu Jian Council.
   134 | D        | Found a sacrificial altar of Ru.
   134 | D        | Found a stormy altar of Qazlal.
   134 | D        | Found an iron altar of Okawaru.
   134 | D        | Found a sparkling altar of Nemelex Xobeh.
   134 | D        | Found a burning altar of Makhleb.
   134 | D        | Found a blossoming altar of Fedhas.
   134 | D        | Found a white marble altar of Elyvilon.
   134 | D        | Found a shadowy altar of Dithmenos.
   134 | D        | Found a snail-covered altar of Cheibriados.
   137 | D        | Found a corrupted altar of Lugonu.
   138 | D        | Found a hide-covered altar of Uskayaw.
   138 | D        | Found a broken altar of Ashenzari.
   146 | D        | Became a worshipper of Makhleb the Destroyer
   214 | D        | Reached skill level 3 in Long Blades
   214 | D        | Reached XP level 2. HP: 14/26 MP: 0/0
   364 | D        | Reached * piety under Makhleb
   375 | D        | Reached ** piety under Makhleb
   381 | D        | Noticed a scorpion
   382 | D        | Noticed an ogre
   410 | D        | Killed a scorpion
   411 | D        | Reached skill level 5 in Long Blades
   411 | D        | Reached XP level 3. HP: 30/32 MP: 0/0
   411 | D        | Learned a level 1 spell: Animate Skeleton
   411 | D        | Reached XP level 4. HP: 35/38 MP: 0/0
   416 | D        | Killed an ogre
   417 | D        | Reached skill level 5 in Fighting
   417 | D        | Reached skill level 6 in Long Blades
   417 | D        | Reached skill level 5 in Shields
   417 | D        | Reached XP level 5. HP: 41/45 MP: 0/0
   417 | D        | Learned a level 2 spell: Call Imp
   801 | D        | Reached *** piety under Makhleb
   806 | D        | Reached **** piety under Makhleb
   815 | D        | Reached skill level 7 in Long Blades
   830 | D        | Noticed an orc warrior
   833 | D        | Killed an orc warrior
   834 | D        | Reached skill level 8 in Long Blades
   834 | D        | Reached XP level 6. HP: 36/53 MP: 0/0
   836 | D        | Noticed a rime drake
   839 | D        | Killed a rime drake
   840 | D        | Reached skill level 9 in Long Blades
   840 | D        | Reached XP level 7. HP: 51/59 MP: 0/0
   840 | D        | Learned a level 3 spell: Summon Guardian Golem
   984 | D        | Noticed a flying skull
   995 | D        | Killed a flying skull
   996 | D        | Reached skill level 10 in Long Blades
   996 | D        | Reached skill level 1 in Spellcasting
  1003 | D        | Reached ***** piety under Makhleb
  1013 | D        | Reached XP level 8. HP: 16/67 MP: 0/0
  1353 | D        | Noticed a freezing wraith
  1373 | D        | Mangled by a freezing wraith

Illustrated notes

Levels and vault maps discovered:
D:        pitsprint [storerooms_1, entrance_room_1, metal_vault_2, armoury_2,
          mini_pit_1, grid_room_1, main_hall_1, silver_pit, the_coven_2,
          the_vestibule_1, steel_vault_2, golden_pit, hallway_of_sentries,
          crystal_vault_6, iron_vault_1, final_vault]

Skill      XL: |  1  2  3  4  5  6  7  8 |
---------------+-------------------------+-----
Long Blades    | 3 5 6 8 9 10 | 10.9
Dodging        | 1 |  1.1
Fighting       | 4 5 7 8 9 |  9.0
Shields        | 4 5 7 8 9 |  9.0
Spellcasting   | 2 |  2.9
Invocations    | 2 3 |  3.3
Armour         | |  3.2

Action                   |  1- 3 |  4- 6 |  7- 9 || total
-------------------------+-------+-------+-------++-------
Melee: Falchion          |    47 |     5 |       ||    52
       Long sword        |     6 |    19 |    42 ||    67
  Use: Potion            |       |     1 |     2 ||     3
Armor: Scale mail        |    20 |     4 |    10 ||    34
Dodge: Dodged            |    19 |     4 |    10 ||    33
Block: Kite shield       |    28 |     3 |    24 ||    55
       Rpst.: Falchion   |     6 |       |       ||     6
       Long sword        |     2 |     2 |     2 ||     6

Table legend: (Time is in decaauts)
 A = Elapsed time spent in this place.
 B = Non-inter-level travel time spent in this place.
 C = Inter-level travel time spent in this place.
 D = Time resting spent in this place.
 E = Time spent auto-exploring this place.
 F = Levels seen in this place.
 G = Mean time per level.
                   A        B        C        D        E       F      G
               +--------+--------+--------+--------+--------+-----+--------+
         Total |   1413 |   1413 |      0 |   1046 |      0 |   1 | 1413.0 |
       Dungeon |   1413 |   1413 |      0 |   1046 |      0 |   1 | 1413.0 |
               +--------+--------+--------+--------+--------+-----+--------+

Top non-repeatable levels by time:
       D: 1413 daAuts
